Map: Tokamak LE

Players

ahahahahahah - Winner!

  • Race: Terran Terran
  • League: Diamond
  • Spawn Location: 1:00

Conundrum

  • Race: Zerg Zerg
  • League: Diamond
  • Spawn Location: 7:00

VOD

Have the link to the VOD?

Description

Time

  • Played on: July 6, 2025, 6:15 a.m.
  • Length: 25:01
Show
View Real Time Build Order
Export as new Build Order

ahahahahahah Terran - Winner!

Build Orders: Command Center First 

Get SALT Encoding   

  12  0:02  SCV  
  13  0:14  SCV  
  13  0:18  Supply Depot  
  14  0:26  SCV  
  15  0:40  SCV  
  16  0:52  SCV  
  17  1:01  Command Center  
  17  1:04  SCV  
  18  1:15  Barracks  
  18  1:16  SCV  
  19  1:30  Refinery x2  
  19  1:31  SCV  
  20  1:43  SCV  
  21  1:55  SCV  
  22  2:03  Marine  
  22  2:07  Bunker  
  23  2:09  Orbital Command  
  23  2:14  Orbital Command  
  23  2:21  Marine  
  24  2:35  SCV, Factory  
  24  2:38  Marine  
  24  2:43  Refinery  
  25  2:47  SCV  
  26  2:53  SCV  
  27  3:00  Reaper  
  27  3:02  SCV  
  29  3:08  SCV  
  30  3:14  SCV  
  33  3:20  Widow Mine  
  33  3:22  SCV  
  33  3:23  Command Center  
  34  3:30  SCV  
  35  3:36  Starport  
  35  3:46  SCV  
  36  3:49  Factory Tech Lab  
  36  3:52  Barracks Reactor  
  36  3:55  Starport  
  36  3:57  SCV  
  36  3:58  SCV  
  38  4:15  SCV  
  38  4:23  Supply Depot  
  38  4:25  SCV, Viking, Cyclone  
  38  4:28  SCV  
  45  4:31  Engineering Bay  
  45  4:37  SCV  
  46  4:38  Orbital Command  
  46  4:40  SCV  
  47  4:50  SCV, Fusion Core  
  47  4:52  SCV  
  49  5:02  SCV  
  49  5:04  SCV  
  51  5:09  SCV  
  51  5:12  Missile Turret  
  52  5:17  Missile Turret  
  52  5:18  Starport Tech Lab  
  52  5:22  Missile Turret  
  52  5:23  Neosteel Armor, Missile Turret  
  52  5:27  Missile Turret  
  52  5:34  Armory  
  52  5:39  Refinery  
  52  5:41  Starport Tech Lab  
  52  5:51  SCV x3  
  55  6:02  Battlecruiser  
  61  6:12  SCV  
  61  6:14  Missile Turret  
  61  6:17  Missile Turret  
  62  6:19  SCV  
  62  6:20  SCV, Supply Depot  
  62  6:21  Supply Depot  
  62  6:24  SCV  
  65  6:29  Supply Depot x2  
  65  6:32  SCV x2  
  67  6:36  Terran Ship Weapons Level 1  
  67  6:41  Marine x2, Factory  
  67  6:42  Thor  
  67  6:43  SCV  
  76  6:48  Battlecruiser  
  82  6:58  SCV  
  82  6:59  Marine, Command Center  
  84  7:07  Supply Depot  
  84  7:13  Battlecruiser  
  90  7:17  Missile Turret  
  90  7:22  Weapon Refit  
  90  7:23  SCV x3  
  90  7:25  Missile Turret  
  93  7:36  SCV x3  
  96  7:38  Barracks Tech Lab  
  96  7:43  Missile Turret  
  96  7:47  Orbital Command  
  96  8:01  Missile Turret  
  96  8:05  Command Center  
  95  8:13  SCV  
  96  8:21  Hi-Sec Auto Tracking  
  96  8:25  SCV x2  
  96  8:26  Missile Turret  
  98  8:30  Missile Turret  
  98  8:38  Battlecruiser  
  98  8:40  Planetary Fortress  
  104  8:49  Refinery  
  104  8:50  Refinery  
  104  8:52  SCV  
  105  8:57  Armory  
  105  8:58  Armory  
  105  8:59  Widow Mine x3  
  111  9:02  Factory  
  111  9:06  Drilling Claws  
  111  9:07  SCV x3  
  114  9:13  Refinery  
  114  9:18  Refinery  
  114  9:19  SCV x2  
  114  9:20  SCV, Widow Mine  
  119  9:31  SCV  
  119  9:37  Planetary Fortress  
  120  9:40  Widow Mine  
  120  9:41  Widow Mine x2  
  126  9:48  Factory Reactor  
  126  9:53  Ghost Academy  
  126  9:55  Ghost Academy  
  126  9:58  SCV  
  126  9:59  SCV x2, Sensor Tower  
  129  10:02  Widow Mine  
  129  10:06  Command Center  
  131  10:10  Supply Depot  
  131  10:11  Supply Depot  
  131  10:12  Supply Depot  
  131  10:14  Supply Depot  
  131  10:18  SCV x2  
  131  10:19  SCV, Widow Mine x2  
  138  10:22  Command Center  
  138  10:23  SCV  
  139  10:30  Missile Turret  
  139  10:31  Missile Turret, Command Center  
  139  10:32  SCV x4, Widow Mine  
  139  10:34  Battlecruiser  
  151  10:40  Starport  
  151  10:41  Widow Mine x4  
  159  10:53  SCV x2, Widow Mine  
  163  11:02  Widow Mine  
  163  11:04  Widow Mine x3  
  171  11:15  Command Center  
  171  11:18  Widow Mine  
  173  11:20  Supply Depot  
  173  11:24  Widow Mine  
  173  11:25  Widow Mine  
  177  11:45  Missile Turret  
  139  12:41  Orbital Command  
  139  12:49  SCV x4  
  141  12:51  Command Center  
  141  12:52  SCV  
  140  12:58  Planetary Fortress  
  140  13:01  SCV x3  
  140  13:04  Planetary Fortress, Missile Turret x2  
  143  13:06  SCV x2, Missile Turret  
  143  13:08  SCV  
  143  13:11  Battlecruiser x2  
  158  13:13  SCV x3  
  158  13:15  Starport Tech Lab  
  158  13:18  SCV x2  
  163  13:20  SCV  
  163  13:24  Starport  
  163  13:25  SCV x2  
  166  13:28  Starport  
  166  13:29  Widow Mine x2, Starport  
  166  13:30  Missile Turret x2  
  166  13:31  Missile Turret x2  
  166  13:33  SCV  
  171  13:38  Refinery  
  171  13:40  Missile Turret  
  171  13:41  Missile Turret x2  
  138  14:02  Hellion  
  138  14:03  Hellion x4  
  144  14:10  Starport Tech Lab x2  
  144  14:15  Reaper, Battlecruiser  
  144  14:16  Battlecruiser  
  157  14:18  Infernal Pre-Igniter  
  157  14:20  Terran Ship Weapons Level 2  
  157  14:21  Terran Vehicle Weapons Level 1  
  157  14:22  Starport Tech Lab  
  161  14:24  Hellion x5  
  167  14:32  Refinery x2  
  167  14:34  Missile Turret  
  167  14:40  Missile Turret  
  167  14:41  Missile Turret  
  167  14:45  Hellion x2  
  139  15:11  Hellion x5  
  149  15:16  Command Center  
  149  15:17  Command Center  
  149  15:23  Battlecruiser  
  149  15:24  Battlecruiser x5  
  185  15:30  Command Center  
  185  15:32  Hellion  
  173  16:04  Widow Mine x3  
  173  16:05  Widow Mine x2  
  181  16:24  SCV x2  
  186  16:25  SCV  
  186  16:26  Widow Mine x4  
  186  16:27  Orbital Command  
  186  16:31  Planetary Fortress, Refinery  
  186  16:32  Planetary Fortress, Refinery  
  191  16:37  Missile Turret  
  191  16:38  Missile Turret  
  191  16:44  Missile Turret x2  
  191  16:45  Missile Turret x2  
  148  17:40  Missile Turret  
  148  17:41  Missile Turret  
  148  17:44  Missile Turret  
  148  17:52  Widow Mine x3  
  148  17:53  Widow Mine x2  
  148  17:54  Command Center  
  158  17:59  Battlecruiser x5  
  158  18:00  Battlecruiser  
  158  18:05  Refinery x2  
  194  18:06  SCV  
  194  18:12  SCV x2  
  197  18:14  Widow Mine  
  199  18:24  Command Center  
  199  18:29  Command Center  
  199  18:32  Command Center  
  199  18:33  SCV  
  200  18:34  Command Center  
  191  19:57  Widow Mine x3  
  175  20:59  Battlecruiser x4  
  199  21:15  Orbital Command  
  199  21:17  Orbital Command  
  187  21:26  Orbital Command  
  183  21:35  Widow Mine x5  
  183  21:36  SCV  
  194  21:45  Engineering Bay  
  194  21:47  Missile Turret  
  123  23:07  Battlecruiser x6  
  159  23:13  Missile Turret  
  159  23:14  Missile Turret  
  159  23:16  Missile Turret  
  158  23:26  Hellion  
  166  23:27  Hellion x3  
  145  23:42  Hellion  
  145  23:44  SCV  
  145  23:48  Hellion x4  
  156  23:51  Planetary Fortress  
  156  24:03  Hellion  
  156  24:09  Hellion  
  160  24:13  Widow Mine x2  
Show
View Real Time Build Order
Export as new Build Order

Conundrum Zerg 

Build Orders: Hatch First, Swarm Host 

Get SALT Encoding   

  12  0:00  Drone  
  13  0:14  Overlord  
  13  0:21  Drone  
  14  0:32  Drone  
  14  0:33  Drone  
  16  0:47  Hatchery  
  15  0:51  Drone  
  15  0:55  Drone  
  17  1:06  Drone  
  17  1:10  Extractor  
  17  1:14  Spawning Pool  
  17  1:16  Drone  
  17  1:19  Drone  
  18  1:30  Drone  
  19  1:44  Overlord  
  19  1:53  Drone  
  20  2:00  Queen x2  
  24  2:02  Zergling x4  
  26  2:16  Drone x2  
  28  2:24  Drone x2  
  30  2:38  Lair  
  30  2:40  Drone x2  
  30  2:41  Queen  
  30  2:44  Drone  
  35  2:49  Overlord  
  35  2:57  Drone  
  36  3:02  Overlord  
  36  3:10  Drone x2  
  38  3:20  Drone x2  
  41  3:27  Drone x4  
  41  3:30  Queen  
  46  3:39  Drone, Spire  
  46  3:43  Extractor  
  46  3:44  Extractor  
  46  3:46  Drone  
  46  3:47  Extractor  
  46  3:48  Drone x2  
  45  3:51  Queen  
  48  3:57  Drone x2  
  48  3:58  Drone  
  48  3:59  Drone  
  48  4:01  Overlord  
  52  4:22  Overseer  
  52  4:32  Drone x3  
  55  4:45  Spore Crawler  
  54  4:47  Spore Crawler  
  54  4:51  Hatchery  
  54  4:52  Corruptor x4  
  58  5:10  Roach Warren  
  58  5:12  Overlord x4  
  57  5:20  Overlord  
  57  5:35  Zergling x2  
  57  5:36  Zergling x10  
  57  5:42  Drone x4  
  67  5:46  Corruptor  
  69  5:52  Queen  
  71  5:58  Metabolic Boost  
  71  6:05  Drone x4  
  71  6:06  Drone x3  
  71  6:08  Overseer  
  71  6:09  Pneumatized Carapace  
  78  6:22  Drone x9  
  78  6:23  Glial Reconstitution  
  87  6:26  Drone x2  
  87  6:27  Evolution Chamber  
  87  6:29  Evolution Chamber  
  87  6:30  Corruptor  
  90  6:40  Drone  
  90  6:41  Overlord x2  
  90  6:47  Spore Crawler  
  90  6:51  Overlord x3  
  90  6:52  Overlord  
  89  7:00  Drone  
  90  7:02  Extractor  
  90  7:03  Extractor  
  88  7:12  Roach x6  
  100  7:15  Hatchery  
  100  7:18  Spore Crawler  
  100  7:21  Spore Crawler  
  97  7:24  Spore Crawler x2  
  97  7:25  Drone x2  
  97  7:29  Infestation Pit  
  96  7:31  Zerg Melee Weapons Level 1, Zerg Missile Weapons Level 1  
  96  7:32  Ravager  
  96  7:35  Drone x2  
  96  7:36  Drone x2  
  101  7:37  Drone x2  
  103  7:44  Ravager x4  
  111  7:58  Roach x3  
  111  7:59  Roach x6  
  127  8:12  Roach  
  127  8:13  Roach x4  
  135  8:29  Corruptor x3  
  135  8:31  Queen  
  143  8:43  Overlord x2  
  143  8:44  Overlord  
  143  8:51  Drone  
  143  8:52  Overlord x4  
  144  8:58  Nydus Network  
  143  9:07  Overlord  
  143  9:08  Overlord  
  143  9:09  Zerg Flyer Armor Level 1  
  143  9:12  Neural Parasite  
  143  9:16  Drone x3  
  146  9:28  Infestor x3  
  147  9:39  Ravager  
  147  9:40  Ravager  
  147  9:43  Drone  
  147  9:44  Drone  
  151  9:49  Overlord x3  
  151  9:53  Zerg Missile Weapons Level 2  
  151  10:03  Swarm Host x3  
  160  10:07  Drone x12  
  160  10:10  Extractor  
  171  10:17  Infestor  
  173  10:22  Extractor  
  173  10:23  Burrow  
  173  10:25  Hatchery  
  171  10:39  Overseer x2  
  171  10:45  Queen  
  173  10:52  Drone  
  173  10:56  Spore Crawler  
  173  10:57  Spore Crawler x2, Drone x4  
  175  11:08  Swarm Host x8  
  199  11:23  Overlord  
  182  12:05  Roach x8  
  182  12:06  Roach x3  
  167  12:27  Infestor x9  
  175  12:48  Corruptor x5  
  184  13:00  Drone  
  184  13:01  Drone x7  
  184  13:02  Drone  
  193  13:20  Corruptor x2  
  197  13:30  Extractor x2  
  195  13:35  Ravager  
  165  13:58  Corruptor x4  
  173  14:04  Drone x4  
  173  14:05  Drone x2  
  173  14:07  Queen  
  181  14:10  Roach x4  
  189  14:18  Infestor x2  
  126  15:02  Corruptor x17  
  156  15:29  Roach x2  
  156  15:30  Roach x7  
  162  15:41  Spine Crawler  
  162  15:42  Spine Crawler x2  
  159  15:43  Spine Crawler x2, Drone x3  
  159  15:44  Drone x2  
  159  15:45  Drone x4  
  163  15:55  Drone x4  
  159  16:05  Spine Crawler, Drone x4  
  159  16:10  Spine Crawler x2  
  160  16:23  Drone x6  
  166  16:42  Drone  
  166  16:43  Drone x2  
  166  16:44  Hatchery  
  164  17:13  Corruptor x11  
  146  17:47  Hatchery  
  143  17:53  Overseer x3  
  143  18:02  Roach  
  143  18:03  Roach x10  
  165  18:08  Drone x3  
  165  18:09  Queen  
  170  18:15  Infestor x4  
  170  18:17  Overseer  
  170  18:18  Overseer  
  177  18:35  Spore Crawler  
  177  18:36  Spine Crawler  
  177  18:41  Drone  
  175  19:03  Overseer x4  
  175  19:05  Hatchery  
  172  19:11  Hatchery  
  171  19:33  Overseer  
  171  19:38  Infestor x5  
  161  19:39  Infestor x4, Roach  
  161  19:42  Ravager  
  161  19:43  Ravager x3  
  185  20:01  Roach  
  185  20:06  Infestor  
  188  20:23  Extractor  
  175  20:28  Extractor  
  162  20:44  Roach x4  
  162  20:47  Drone x4  
  162  20:48  Drone x2  
  166  21:12  Overseer  
  166  21:30  Corruptor x4  
  174  21:36  Ravager  
  175  22:03  Hatchery  
  173  22:10  Hatchery  
  170  22:17  Corruptor x2  
  109  23:04  Roach x3  
  109  23:05  Corruptor  
  109  23:24  Overlord x3  
  109  23:29  Hatchery  
  104  23:47  Infestor  
  106  23:55  Overseer  
  106  23:59  Drone x3  
  106  24:00  Extractor, Drone x4  
  106  24:01  Hatchery  
  111  24:24  Infestor  
  107  24:41  Drone  
  107  24:42  Drone x5  
Tags
 
Add a new tag
Caveats
  • Supply blocks, unpowered buildings, or Contaminate may cause inaccurate times.
  • Supply counts are checked every 10 seconds.